AoeStats
← chewie1706

African Clearing

506997314Analyzed
3v3 RM · 15d ago on Sep 16, 2026· 52m 58s· 6 players
Game mode
Random Map
Map size
Normal (6 player)
Population
200
Speed
Normal
Resources
Standard
Victory
Conquest
Starting age
Dark Age
Ending age
Imperial Age
RankedLock teamsTeams togetherTeam positionsShared explorationLock speedFull tech treeHidden civsTurbo modeCheats
Victory
Defeat
🇫🇷 Spanish · France
1528
+8
🇫🇷 Berbers · France
1433
+12
🇨🇭 Maya · Switzerland
1272
+18
🇦🇷 Berbers · Argentina
1339
-13
🇦🇷 Spanish · Argentina
1334
-13
🇦🇷 Maya · Argentina
1331
-12
SvS Sabach
4:42 Loom
13:42 Feudal Age
19:36 Castle Age
26:15 Town Watch
27:49 Double-Bit Axe
31:45 Padded Archer Armor
33:33 Wheelbarrow
33:29 Husbandry
34:03 Leather Archer Armor
36:04 Bloodlines
41:46 Imperial Age
39:46 Fletching
39:56 Horse Collar
41:13 Bodkin Arrow
42:22 Ballistics
SvS CHEO
13:12 Feudal Age
18:03 Castle Age
17:07 Double-Bit Axe
17:32 Scale Barding Armor
18:00 Bloodlines
27:31 Husbandry
30:08 Horse Collar
31:33 Wheelbarrow
34:09 Stone Mining
35:58 Bow Saw
36:18 Gold Mining
38:35 Hand Cart
40:01 Heavy Plow
45:08 Imperial Age
44:22 Chain Barding Armor
44:13 Forging
45:21 Cavalier
47:15 Plate Barding Armor
49:11 Heavy Camel Rider
51:16 Iron Casting
SvS Smolf
3:07 Loom
15:38 Feudal Age
19:12 Castle Age
17:03 Fletching
19:17 Crossbowman
20:08 Thumb Ring
20:02 Bodkin Arrow
29:05 Padded Archer Armor
31:44 Leather Archer Armor
35:41 Ballistics
Eras Mousse
2:54 Loom
12:51 Feudal Age
14:42 Wheelbarrow
16:31 Castle Age
15:25 Double-Bit Axe
15:35 Horse Collar
20:15 Fletching
24:32 Padded Archer Armor
24:34 Bodkin Arrow
26:38 Ballistics
27:13 Leather Archer Armor
30:40 Bow Saw
31:26 Wheelbarrow
31:04 Bow Saw
31:37 Gold Mining
31:41 Stone Mining
35:23 Heavy Plow
36:06 Hand Cart
35:37 Town Watch
37:22 Husbandry
37:33 Bloodlines
41:27 Imperial Age
39:24 Thumb Ring
41:14 Stone Shaft Mining
41:14 Gold Shaft Mining
41:49 Town Patrol
42:10 Bracer
43:11 Chemistry
41:41 Elite Camel Archer
42:54 Ring Archer Armor
43:00 Scale Barding Armor
43:06 Forging
42:19 Heavy Camel Rider
45:17 Chain Barding Armor
45:44 Crop Rotation
45:58 Masonry
45:29 Treadmill Crane
46:46 Iron Casting
46:29 Maghrebi Camels
46:30 Kasbah
46:54 Conscription
47:10 Hoardings
47:18 Plate Barding Armor
47:00 Siege Engineers
46:19 Pikeman
46:59 Squires
46:45 Arson
46:47 Cavalier
47:44 Fervor
47:34 Atonement
47:33 Murder Holes
47:07 Capped Ram
47:17 Man-at-Arms
47:20 Elite Skirmisher
48:15 Redemption
49:37 Blast Furnace
48:38 Scale Mail Armor
48:00 Crossbowman
48:02 Light Cavalry
48:45 Long Swordsman
48:46 Hussar
49:21 Two-Handed Swordsman
50:13 Fortified Wall
50:15 Clinker Construction
49:44 Onager
50:10 Elite Genitour
52:07 Devotion
52:32 Illumination
52:01 Guard Tower
51:56 Arrowslits
52:16 Caravan
52:46 Coinage
52:27 Guilds
52:15 Elite Cannon Galleon
52:15 Demolition Ship
52:19 Champion
52:24 Heavy Cavalry Archer
53:30 Chain Mail Armor
53:13 Herbal Medicine
54:10 Theocracy
chewie1706
4:37 Loom
15:51 Feudal Age
17:14 Double-Bit Axe
19:36 Castle Age
17:48 Horse Collar
19:36 Town Watch
20:27 Wheelbarrow
21:21 Bow Saw
22:41 Husbandry
23:22 Bloodlines
23:54 Padded Archer Armor
28:09 Leather Archer Armor
28:18 Stone Mining
43:28 Imperial Age
41:02 Fletching
44:45 Ring Archer Armor
43:42 Elite Conquistador
46:23 Supremacy
46:24 Conscription
47:15 Chemistry
47:17 Ballistics
47:55 Bodkin Arrow
48:56 Bracer
49:29 Sappers
50:34 Hoardings
49:59 Inquisition
50:40 Town Patrol
50:55 Hand Cart
52:17 Guilds
52:06 Gold Mining
52:51 Stone Shaft Mining
52:26 Heavy Plow
AGS.Grimnel
6:26 Loom
6:39 Loom
13:24 Feudal Age
15:14 Town Watch
20:35 Castle Age
20:57 Double-Bit Axe
21:16 Pikeman
25:22 Wheelbarrow
29:04 Fletching
32:04 Bow Saw
32:11 Horse Collar
33:42 Gold Mining
39:34 Imperial Age
37:14 Bodkin Arrow
37:58 Ballistics
37:51 Masonry
38:09 Padded Archer Armor
38:59 Thumb Ring
39:23 Leather Archer Armor
40:18 Bracer
40:50 Conscription
42:11 Ring Archer Armor
42:08 Heavy Plow
42:01 Stone Mining
42:35 Fervor
42:50 Sanctity
43:26 Elite Plumed Archer
44:45 Hoardings
45:27 Holcans
45:15 Forging
45:05 Scale Mail Armor
45:23 Hand Cart
46:54 Town Patrol
47:27 Crop Rotation
47:37 Iron Casting
47:17 Chain Mail Armor
47:07 Caravan
47:18 Guilds
47:38 Coinage
48:29 Fortified Wall
49:20 Chemistry
48:17 Murder Holes
48:53 Architecture
50:36 Blast Furnace
50:06 Plate Mail Armor
51:27 Devotion
51:43 Block Printing
51:28 Atonement
51:24 Herbal Medicine
52:04 Theocracy
51:49 Heresy
52:22 Hoardings
51:21 Sappers
52:27 Banking
51:51 Guard Tower
51:51 Heated Shot
52:13 Clinker Construction
52:13 Careening
51:45 Treadmill Crane
52:35 Shipwright
53:09 Stone Shaft Mining
52:34 Fishing Lines
53:05 Medium Warships
52:17 Demolition Ship
53:49 Faith
54:06 Keep
Connection lost

Rejoining the realm…

Still unreachable

The connection could not be restored.

Session expired

The server has moved on; the page needs a fresh start.